 Dungeon Crawl Stone Soup version 0.26.1-11-gd32895ea62 (webtiles) character file.

Game seed: 18340628558795503153

102 Descartes the Ruffian (level 4, -10/45 HPs)
             Began as a Troll Chaos Knight on June 11, 2021.
             Was a Plaything of Xom.
             Splashed by an oklob plant's acid (11 damage)
             ... on level 2 of the Dungeon.
             The game lasted 00:02:35 (1775 turns).

Descartes the Ruffian (Troll Chaos Knight)          Turns: 1775, Time: 00:02:36

Health: -10/45     AC:  0    Str: 20    XL:     4   Next: 50%
Magic:  3/3        EV: 10    Int:  8    God:    Xom [..*...]
Gold:   166        SH:  0    Dex: 10    Spells: 3/3 levels left

rFire    . . .     SeeInvis .     - Unarmed
rCold    . . .     Faith    .   (no shield)
rNeg     . . .     Spirit   .   a - +2 robe
rPois    .         Reflect  .   (helmet restricted)
rElec    .         Harm     .   (no cloak)
rCorr    .         Rampage  .   (gloves unavailable)
Will     .....                  (boots unavailable)
Stlth    +.........             (no amulet)
HPRegen  0.55/turn              (no ring)
MPRegen  0.08/turn              (no ring)

@: corroded
A: large, unfitting armour, claws 3, regeneration 1, shaggy fur 1, tough skin 3
a: Renounce Religion


You were on level 2 of the Dungeon.
You worshipped Xom.
You were a toy of Xom.
You visited 1 branch of the dungeon, and saw 2 of its levels.

You collected 166 gold pieces.

Inventory:

Hand Weapons
 l - a +0 hunting sling of freezing
Missiles
 g - 59 stones (quivered)
Armour
 a - a +2 robe (worn)
Jewellery
 o - an uncursed amulet of reflection {unknown}
Scrolls
 b - a scroll of teleportation {unknown}
 c - a scroll of noise {unknown}
 d - a scroll of blinking {unknown}
 j - a scroll of enchant armour {unknown}
 m - 2 scrolls of remove curse {unknown}
Potions
 e - 4 potions of curing {unknown}
 f - a potion of heal wounds {unknown}
 h - a potion of degeneration {unknown}
 i - a potion of mutation {unknown}
 k - a potion of cancellation {unknown}
 n - a potion of brilliance {unknown}


   Skills:
 + Level 3.1 Fighting
 + Level 1.2 Throwing
 + Level 2.7 Dodging
 + Level 3.7 Unarmed Combat


You had 3 spell levels left.
You didn't know any spells.
Your spell library was empty.

Dungeon Overview and Level Annotations

Branches:
Dungeon (2/15)

Altars:
Fedhas
Kikubaaqudgha
Sif Muna

Annotations:
D:2 exclusion: oklob plant


Innate Abilities, Weirdness & Mutations

You are too large for most types of armour.
You have claws for hands.
Your natural rate of healing is unusually fast.
You are covered in fur. (AC +1)
You have extremely tough skin. (AC +3)


Message History

You scratch the oklob plant but do no damage.
The oklob plant is severely damaged.
Your bat hits the oklob plant but does no damage.
The oklob plant spits acid at you. The splash of acid hits you!
You are splashed with acid!
* * * LOW HITPOINT WARNING * * *
You scratch the oklob plant but do no damage.
The oklob plant is severely damaged.
Your bat hits the oklob plant but does no damage.
You scratch the oklob plant but do no damage.
The oklob plant is severely damaged.
A nearby plant withers and dies.
Your bat hits the oklob plant but does no damage.
Your bat hits the fungus.
The fungus begins to die.
The oklob plant spits acid at you. The splash of acid hits you!
* * * LOW HITPOINT WARNING * * *
The acid corrodes you!
You are splashed with acid!
You die...
Xom howls with laughter!

P.≈≈≈≈._.≈≈≈≈.PPP##
P.≈≈≈≈...≈≈≈≈.PPPP#
≈≈≈≈.≈≈≈≈≈.P##P#
,,≈ ≈≈.≈≈≈≈..#PPP#
, ≈≈.≈≈≈.....PP# ,,
≈.≈≈..##P..P# ,
,.....PPPP..##


*,PP.PPPPPP..## ,, PPPPPP...@PP# , PP..PPPPbP#P# , PP.PPPPP..PP# ###
###*############ #.###.###.# #.# #.# #.).......# #.# #.# ......##### #.# #.#
..........####.# #.# ...............###.# You could see an oklob plant and a
friendly bat (summoned).

Vanquished Creatures
  2 adders (D:2)
  A gnoll (D:1)
  A worm (D:2)
  A dart slug (D:1)
  2 leopard geckos (D:1)
  4 bats (D:1)
  2 giant cockroaches (D:1)
  14 goblins
  12 hobgoblins
  3 jackals (D:1)
  6 kobolds
  4 frilled lizards
  9 rats
61 creatures vanquished.

Vanquished Creatures (others)
  A fungus (D:2)
  6 plants (D:2)
7 creatures vanquished.

Grand Total: 68 creatures vanquished

Notes
Turn   | Place    | Note
-------+----------+-------------------------------------------
     0 | D:1      | Descartes the Troll Chaos Knight began the quest for the
                  | Orb.
     0 | D:1      | Reached XP level 1. HP: 22/22 MP: 0/0
   196 | D:1      | Reached XP level 2. HP: 29/29 MP: 1/1
   324 | D:1      | Reached XP level 3. HP: 36/36 MP: 2/2
   930 | D:2      | Found an ancient bone altar of Kikubaaqudgha.
  1024 | D:2      | Reached XP level 4. HP: 45/45 MP: 3/3
  1038 | D:2      | Reached skill level 1 in Throwing
  1120 | D:2      | XOM: summons friendly shadow imp
  1175 | D:2      | Found a shimmering blue altar of Sif Muna.
  1467 | D:2      | Found a blossoming altar of Fedhas.
  1467 | D:2      | XOM: 8-stop teleportation journey
  1612 | D:2      | XOM is BORED!
  1745 | D:2      | Noticed an oklob plant
  1756 | D:2      | XOM: cast spell 'Summon Small Mammal'
  1758 | D:2      | XOM: summons friendly ufetubus
  1760 | D:2      | XOM: divination: magic mapping
  1767 | D:2      | XOM: confuse monster(s)
  1775 | D:2      | HP: 1/45 [oklob plant/splash of acid (13)]
  1775 | D:2      | Splashed by an oklob plant's acid

Illustrated notes

Levels and vault maps discovered:
D:1:      dpeg_arrival_circle_labyrinth_c, layout_basic
D:2:      cheibrodos_greedy_goblins, layout_basic, overflow_temple_1_default,
          lemuel_blue_sif_altar, tgw_fedhas

Skill      XL: |  1  2  3  4 |
---------------+-------------+-----
Dodging        | 2 |  2.7
Fighting       | 3 |  3.1
Throwing       | 1 |  1.2
Unarmed Combat | |  3.7

Action                   |  1- 3 |  4- 6 || total
-------------------------+-------+-------++-------
Melee: Unarmed           |    86 |    77 ||   163
Armor: Robe              |    31 |    28 ||    59
Dodge: Dodged            |    42 |    31 ||    73
